 Dungeon Crawl Stone Soup version 0.19.5 (webtiles) character file.

57 Jannitor the Slasher (level 3, 0/26 HPs)
             Began as a High Elf Chaos Knight on Mar 14, 2019.
             Slain by an adder (3 damage)
             ... on level 2 of the Dungeon.
             The game lasted 00:03:13 (2637 turns).

Jannitor the Slasher (High Elf Chaos Knight)        Turns: 2637, Time: 00:03:13

Health: 0/26       AC:  6    Str: 12    XL:     3   Next: 73%
Magic:  4/4        EV: 13    Int: 15    God:    Xom [*.....]
Gold:   53         SH:  0    Dex: 15    Spells: 0 memorised, 2 levels left

rFire  . . .     SeeInvis +     a - +0 falchion (chaos)
rCold  . . .     Gourm    .     b - +3 leather armour
rNeg   . . .     Faith    .     (no shield)
rPois  .         Spirit   .     (no helmet)
rElec  .         Reflect  .     (no cloak)
rCorr  .         Harm     .     (no gloves)
MR     .....                    (no boots)
Stlth  +.........               (no amulet)
                                (no ring)
                                (no ring)

@: lethally poisoned (0 -> -5)
A: see invisible, deterioration 1, evolution 1
a: Renounce Religion


You were on level 2 of the Dungeon.
You worshipped Xom.
You were a special plaything of Xom.
You were hungry.

You visited 1 branch of the dungeon, and saw 2 of its levels.

You collected 53 gold pieces.

Inventory:

Hand Weapons
 a - a +0 falchion of chaos (weapon)
 d - a -1 dagger
Missiles
 o - 4 tomahawks (quivered)
Armour
 b - a +3 leather armour (worn)
Scrolls
 l - a scroll of identify
Books
 e - a book of Misfortune

   Spells                             Type                      Level
   a - Confusing Touch                Hexes                        1
   b - Confuse                        Hexes                        3
   c - Gell's Gravitas                Hexes/Translocation          3
   d - Petrify                        Transmutation/Earth          4
   e - Metabolic Englaciation         Hexes/Ice                    5
   f - Yara's Violent Unravelling     Hexes/Transmutation          5
Miscellaneous
 m - a fan of gales
Comestibles
 c - 3 bread rations


   Skills:
 + Level 3.5 Fighting
 + Level 4.3 Long Blades
 + Level 1.7 Armour
 + Level 2.8 Dodging


You had 2 spell levels left.
You didn't know any spells.

Dungeon Overview and Level Annotations

Branches:
Dungeon (2/15)

Altars:
Xom

Annotations:
D:2 Natasha


Innate Abilities, Weirdness & Mutations

You have supernaturally acute eyesight. (SInv)
Your body sometimes deteriorates upon taking damage.
You evolve.


Message History

You hit the adder.
You kill the adder!
You start resting.
You hit the rat.
You kill the rat!
You start resting.
You see here an adder corpse.
You butcher the adder corpse.
Things that are here:
a chunk of flesh; an adder skeleton You hit the adder but do no damage.
The adder misses you.
You barely miss the adder.
The adder bites you but does no damage. x2
You barely miss the adder. The adder bites you.
* * * LOW HITPOINT WARNING * * *
You are lethally poisoned!
The adder poisons you!
Unknown command.
* * * LOW HITPOINT WARNING * * *
You feel sick. The adder bites you.
You die...

..###.## # ###
#.##...## ..#
#.#.....## #.#
#.##.....#
###.###.###..#.####
.$.........S.......
#
##.###.###########
#>##.###S###.#
#......@%....#
##############


You could see an adder.

Vanquished Creatures
  2 adders (D:2)
  A leopard gecko (D:2)
  2 ball pythons (D:1)
  3 giant cockroaches (D:1)
  5 goblins (D:1)
  2 hobgoblins
  3 jackals (D:1)
  6 kobolds
  4 bats
  2 frilled lizards
  7 rats
37 creatures vanquished.

Notes
Turn   | Place    | Note
-------+----------+-------------------------------------------
     0 | D:1      | Jannitor the High Elf Chaos Knight began the quest for the Orb.
     0 | D:1      | Reached XP level 1. HP: 16/16 MP: 2/2
    14 | D:1      | Reached skill level 1 in Armour
   404 | D:1      | XOM: divination: detect creatures
   490 | D:1      | Reached XP level 2. HP: 14/21 MP: 3/3
   606 | D:1      | XOM: swap monsters
   625 | D:1      | XOM: smoke on damage
   669 | D:1      | XOM: scenery: create altars
   854 | D:1      | XOM: god gift: fan of gales
   857 | D:1      | XOM: fake destruction
   863 | D:1      | XOM: harmless Divn miscast
  1011 | D:1      | Reached skill level 4 in Long Blades
  1169 | D:2      | Noticed Natasha
  1170 | D:2      | Gained mutation: Your spells are a little harder to cast, but a little more powerful. [potion of mutation]
  1170 | D:2      | Gained mutation: You have a pair of small antennae on your head. [potion of mutation]
  1170 | D:2      | Gained mutation: You evolve. [potion of mutation]
  1171 | D:2      | Lost mutation: Your spells are a little harder to cast, but a little more powerful. [potion of cure mutation]
  1171 | D:2      | Lost mutation: You have a pair of small antennae on your head. [potion of cure mutation]
  1171 | D:2      | Lost mutation: You evolve. [potion of cure mutation]
  1253 | D:1      | XOM: give mutations
  1253 | D:1      | Gained mutation: Your body sometimes deteriorates upon taking damage. [Xom's mischief]
  1253 | D:1      | Gained mutation: You evolve. [Xom's mischief]
  1352 | D:1      | XOM: cloud trail
  1388 | D:1      | XOM: god gift: scroll labeled YMETHU ATELI {god gift}
  1477 | D:1      | XOM: harmless Hex miscast
  1482 | D:1      | Reached XP level 3. HP: 25/26 MP: 4/4
  1939 | D:2      | XOM: 2-stop teleportation journey
  2034 | D:2      | XOM: enchant monster (bad)
  2175 | D:2      | Gained mutation: You have supernaturally acute eyesight. (SInv) [evolution]
  2196 | D:2      | XOM: mild Chrm miscast
  2310 | D:2      | XOM: harmless Summ miscast
  2571 | D:2      | XOM: 2-stop teleportation journey
  2637 | D:2      | Slain by an adder

Skill      XL: |  1  2 |
---------------+-------+-----
Armour         | 1 |  1.7
Long Blades    | 4 |  4.3
Fighting       | |  3.5
Dodging        | |  2.8

Action                   || total
-------------------------++-------
Melee: Dagger            ||   298
       Falchion          ||    10
  Use: Scroll            ||     6
       Potion            ||     5
 Stab: Sleeping          ||     1
  Eat: Chunk             ||     5
Armor: Leather armour    ||   109
Dodge: Dodged            ||   207
       Rpst.: Falchion   ||     3
